Unix NetHack Version 5.0.0-0 post-release - last build Jun 10 2026 00:39:30 (3ee93aec679c4c4259841fe613dc97188e26a321,branch:main).

Game began 2026-06-24 20:34:11, ended 2026-06-25 00:11:31.

DaveT, lawful male human Priest

                               -----------------
                       --------................---------
                -------................................-------
           ------.....Y......................................------
        ----.......!..............................................----
      ---............h...........?...................................---
    ---................................................................---
  ---...%Z%................h.o..................?........................---
  |......@o....!.E....c..o.Q........o.........h.......................^....|
  |.....oo)....c...........................................................|
  |.........o.............................................................>|
  ---....................................................................---
    ---...o..........?....................................!............---
      ---......+.....................................................---
        ----..................(...+..h............................----
           ------.............../...................^........------
                -------................................-------
                       --------................---------
                               -----------------

DaveT the Priest             St:16 Dx:18 Co:18 In:13 Wi:18 Ch:11  Lawful
Dlvl:12 $:0  HP:0(97) Pw:100(136) AC:7  Xp:11 T:9941 

Latest messages:
 You return to human form!
 The Uruk-hai shoots 2 poisoned crude arrows!
 You are almost hit by the 1st poisoned crude arrow.
 You are hit by the 2nd poisoned crude arrow!
 The poison doesn't seem to affect you.
 The Uruk-hai swings her crude bow.
 The Uruk-hai hits!
 The Mordor orc hits!
 You hit the Mordor orc.
 The orc-captain thrusts his crude short sword.
 The orc-captain hits!
 The orc-captain thrusts his crude short sword.
 The orc-captain hits again!
 The Uruk-hai shoots 2 poisoned crude arrows!
 You are hit by the 1st poisoned crude arrow.
 The poison doesn't seem to affect you.
 The 2nd poisoned crude arrow misses you.
 The Mordor orc hits!
 What do you want to wield? [- sGHP or ?*] a
 You don't have that object.
 What do you want to wield? [- sGHP or ?*] ?
 G - the +1 Demonbane (weapon in right hand).
 The orc-captain thrusts his crude short sword.
 The orc-captain hits!
 The orc-captain thrusts his crude short sword.
 The orc-captain hits again!
 The Mordor orc hits!
 You hit the Mordor orc!
 The orc-captain thrusts his crude short sword.
 The orc-captain hits!
 The orc-captain thrusts his crude short sword.
 The orc-captain hits again!
 What do you want to drink? [RT or ?*] ?
 You feel better.
 The orc-captain thrusts his crude short sword.
 The orc-captain hits!
 The orc-captain thrusts his crude short sword.
 The orc-captain hits again!
 The Uruk-hai swings her crude bow.
 The Uruk-hai hits!
 You kill the Mordor orc!
 The human zombie hits!
 The Uruk-hai thrusts his crude short sword.
 The Uruk-hai hits!
 You die...
 Do you want your possessions identified? [ynq] (y) y
 Do you want to see your attributes? [ynq] (y) y
 Do you want an account of creatures vanquished? [ynaq] (y) y
 Do you want to see your conduct and achievements? [ynq] (y) y
 Do you want to see the dungeon overview? [ynq] (y) y

Inventory:
 Amulets  ('"')
  A - an amulet of ESP (being worn)
 Weapons  (')')
  H - a +3 aklys
  G - the +1 Demonbane (weapon in right hand)
 Comestibles  ('%')
  e - a clove of garlic
  u - 3 food rations
  f - a sprig of wolfsbane
  I - a lizard corpse
 Scrolls  ('?')
  M - 2 scrolls of teleportation
 Potions  ('!')
  R - a potion of holy water
 Rings    ('=')
  v - a ring of conflict
  q - a ring of fire resistance
  c - a ring of polymorph
  i - a ring of sustain ability
 Wands    ('/')
  O - a wand of cancellation (0:2)
  y - a wand of digging (0:8)
  V - a wand of magic missile (0:3)
  d - a wand of slow monster (0:3)
  N - a wand of striking (0:5)
 Tools    ('(')
  X - a blessed bag of holding containing 23 items
  m - an empty sack
  w - a lock pick
  W - an oil lamp
  s - a +0 pick-axe
  t - a stethoscope
  P - a blessed +0 unicorn horn

Contents of the bag of holding:
  2516 gold pieces
  an amulet of guarding
  10 +0 shuriken
  2 +0 daggers
  a +0 mummy wrapping
  2 slime molds
  2 food rations
  3 pancakes
  a pear
  a scroll of blank paper
  a cursed scroll of blank paper
  a scroll of earth
  a scroll of gold detection
  2 scrolls of remove curse
  a scroll of teleportation
  a potion of gain level
  a wand of digging (0:8)
  a wand of digging (0:8)
  a wand of digging (0:6)
  a wand of slow monster (0:7)
  a bugle
  a blessed partly used tallow candle
  an aquamarine stone

DaveT the Priest's attributes:

Background:
 You were a Priest, level 11 human.
 You were lawful, on a mission for Athena
 who was opposed by Hermes (neutral) and Poseidon (chaotic).
 You were right-handed.
 You were in the Dungeons of Doom, on level 12, a very big room.
 You entered the dungeon 9941 turns ago.
 It was the midnight hour.
 You had 10433 experience points, 9567 more were needed to attain level 12.

Basics:
 You had 0 out of 97 hit points.
 You had 100 out of 136 energy points (spell power).
 Your armor class was 7.
 Your wallet was empty, but
 you had 2516 zorkmids stashed away in your pack.
 Autopickup was off.

Final Characteristics:
 Your strength was 16 (limit:18/100).
 Your dexterity was 18 (limit:18).
 Your constitution was 18 (limit:18).
 Your intelligence was 13 (limit:18).
 Your wisdom was 18 (limit:18).
 Your charisma was 11 (limit:18).

Final Status:
 You weren't hungry.
 You were unencumbered.
 You were wielding a mace.
 You were skilled in mace and could have enhanced that.
 You weren't wearing any armor.

Final Attributes:
 You were piously aligned.
 You were cold resistant.
 You were sleep resistant.
 You were poison resistant.
 You were telepathic.
 You had a small defense bonus (+3).
 You were warded.
 You were lucky.
 You are dead.

Miscellaneous:
 You didn't encounter any bones levels.
 Total elapsed playing time was 2 hours, 41 minutes and 6 seconds.

Major events:
 Turn
    1: DaveT the lawful human Priest entered the dungeon
  968: attained the rank of Acolyte (level 3)
  977: entered the Gnomish Mines
 1565: attained the rank of Adept (level 6)
 2027: reached Mine Town
 3791: made his first wish - "blessed +3 rustproof gauntlets of power", got "a blessed pair of fencing gloves"
 4353: entered Sokoban
 4594: completed 1st Sokoban level
 4829: completed 2nd Sokoban level
 5192: completed 3rd Sokoban level
 6032: completed 4th Sokoban level
 6105: acquired the Sokoban bag of holding
 6702: attained the rank of Priest (level 10)
 8141: entered the Bigroom
 9425: was bestowed with Demonbane by Athena
 9941: killed by an Uruk-hai

Spells:
 Name                 Level Category     Fail Retention
 detect monsters        1   divination     0%    (gone)
 create monster         2   clerical       0%   51%-60%
 extra healing          3   healing       70%   51%-75%
 wizard lock            2   matter         0%   51%-75%
 identify               3   divination    75%  76%-100%
 force bolt             1   attack         0%  76%-100%

Skills:
 Fighting Skills
   bare handed combat [Unskilled]
 Weapon Skills
   club               [Unskilled]
   mace               [Skilled]
   morning star       [Unskilled]
   flail              [Unskilled]
   hammer             [Unskilled]
   quarterstaff       [Unskilled]
   polearms           [Unskilled]
   spear              [Unskilled]
   trident            [Unskilled]
   lance              [Unskilled]
   bow                [Unskilled]
   sling              [Unskilled]
   crossbow           [Unskilled]
   dart               [Unskilled]
   shuriken           [Unskilled]
   boomerang          [Unskilled]
   unicorn horn       [Unskilled]
 Spellcasting Skills
   healing spells     [Unskilled]
   divination spells  [Unskilled]
   clerical spells    [Basic]

Voluntary challenges:
 Character rerolling was not enabled.
 You never genocided any monsters.
 You never polymorphed an object.
 You used 1 wish.
 You did not wish for any artifacts.
 You violated the special Sokoban rules 7 times.
Achievements:
 You entered a shop.
 You attained the rank of Acolyte.
 You entered the Gnomish Mines.
 You attained the rank of Adept.
 You entered Minetown.
 You entered a temple.
 You entered Sokoban.
 You completed Sokoban.
 You attained the rank of Priest.
 You entered the Big Room.

 The Dungeons of Doom: levels 1 to 12
    Level 1:
       A sink, a grave.
    Level 2:
       A general store.
    Level 3:
       A weapon shop.
    Level 4:
       Stairs down to The Gnomish Mines.
    Level 5:
       A scroll shop, a fountain.
    Level 6: "empty vault"
       A sink.
    Level 7:
       Many altars, a fountain.
    Level 8:
       Many fountains.
       Oracle of Delphi.
    Level 9:
       A temple and an altar.
       Stairs up to Sokoban, level 8.
    Level 10:
       A general store, a fountain.
    Level 11:
       A general store, a fountain.
    Level 12: <- You were here.
       A very big room.
       Final resting place for
          you, killed by an Uruk-hai.
 The Gnomish Mines: levels 5 to 9
    Level 5:
    Level 6:
    Level 7:
    Level 8:
       Many shops, a temple and an altar, some fountains.
    Level 9:
 Sokoban: levels 8 up to 5
    Level 5:
       Solved.
    Level 6:
       Solved.
    Level 7:
       Solved.
    Level 8:
       Solved.


Vanquished creatures:
  a genetic engineer
  a ghost
  2 giant mimics
  2 long worms
  a flesh golem
  2 elven monarchs
  4 large mimics
  a stalker
  2 fire elementals
  a water elemental
 an elf-noble
  2 wargs
  a winter wolf
  4 small mimics
  a glass piercer
  a troll
  2 large dogs
  a freezing sphere
  4 shocking spheres
  a large cat
  3 tigers
  4 gargoyles
  a tengu
 an ochre jelly
  3 energy vortices
 an elf mummy
  a red naga
  a python
  a wraith
  a carnivorous ape
  a Grey-elf
 an amorous demon
  a chameleon
  2 giant beetles
  a quivering blob
  2 cockatrices
  a wolf
  a panther
  a spotted jelly
 13 leprechauns
 an orc-captain
  4 giant spiders
  2 scorpions
  a horse
  2 ice vortices
  a baby long worm
  3 vampire bats
  a forest centaur
  a gnome ruler
 an orc mummy
  3 dwarf mummies
  3 ogres
  4 brown puddings
  a rust monster
  2 owlbears
  2 yetis
  2 gold golems
  a werewolf
  a Green-elf
  a lizard
  3 chickatrices
  a dingo
  a dog
  2 housecats
  2 jaguars
  2 blue jellies
  a black unicorn
  2 ravens
  2 plains centaurs
  3 snakes
  4 apes
  a human zombie
 12 Woodland-elves
  4 fire ants
  3 imps
  a quasit
  a wood nymph
  a water nymph
  a mountain nymph
  5 Mordor orcs
  4 Uruk-hai
  2 rock piercers
  a rock mole
  3 ponies
  a fog cloud
  2 yellow lights
  2 violet fungi
  9 gnome leaders
  3 gnomish wizards
  a kobold mummy
  a gray ooze
  a barrow wight
  2 ghouls
  4 straw golems
  a little dog
  a floating eye
  4 kittens
  5 dwarves
  2 homunculi
  2 kobold leaders
  2 kobold shamans
  3 rothes
  a centipede
  5 giant bats
  4 wererats
  4 iguanas
 19 killer bees
  3 acid blobs
  3 coyotes
  2 hobbits
  a large kobold
  5 hobgoblins
  4 giant rats
  a cave spider
  2 brown molds
  a yellow mold
 34 gnomes
  6 garter snakes
  a gnome zombie
  7 geckos
  6 jackals
  3 foxes
  2 kobolds
  a goblin
  5 sewer rats
  3 grid bugs
  7 bats
  a lichen
  a kobold zombie
  4 newts
357 creatures vanquished.

No species were genocided or became extinct.

Game over:
                       ----------
                      /          \
                     /    REST    \
                    /      IN      \
                   /     PEACE      \
                  /                  \
                  |      DaveT       |
                  |     2516 Au      |
                  |   killed by an   |
                  |     Uruk-hai     |
                  |                  |
                  |                  |
                  |       2026       |
                 *|     *  *  *      | *
        _________)/\\_//(\/(/\)/\//\/|_)_______

Goodbye DaveT the Priest...

You died in The Dungeons of Doom on dungeon level 12 with 44647 points,
and 2516 pieces of gold, after 9941 moves.
You were level 11 with a maximum of 97 hit points when you died.

